 Dungeon Crawl Stone Soup version 0.30-a0-778-g2ef04afb54 (webtiles) character file.

Game seed: 4307571197684984140

77 CowFu the Ruffian (level 4, 0/40 HPs)
             Began as a Ghoul Monk on Feb 16, 2023.
             Was a Believer of Qazlal.
             Slain by an orc
             ... wielding a +3 flail
              (8 damage)
             ... on level 4 of the Dungeon.
             The game lasted 00:02:25 (2401 turns).

CowFu the Ruffian (Ghoul Monk)                      Turns: 2401, Time: 00:02:26

Health: 0/40       AC:  3    Str: 16    XL:     4   Next: 34%
Magic:  3/3        EV: 10    Int:  5    God:    Qazlal [**....]
Gold:   155        SH:  0    Dex: 11    Spells: 3/3 levels left

rFire   + . .      SeeInvis .      - Unarmed
rCold   + . .      Faith    .    l - +0 kite shield {rN+}
rNeg    + + +      Spirit   .    a - +0 robe
rPois   ∞          Reflect  .    p - +1 hat
rElec   .          Harm     .    (no cloak)
rCorr   .          Rampage  .    (no gloves)
Will    .....                    (no boots)
Stlth   +                        (no amulet)
HPRegen 0.00/turn                q - ring of protection from fire
MPRegen 0.08/turn                (no ring)

@: confused, ambrosia-drunk, inhibited regen
A: claws 1, cold resistance 1, negative energy resistance 3, inhibited
regeneration, torment resistance 2, devour on kill
a: Renounce Religion, Upheaval


You were on level 4 of the Dungeon.
You worshipped Qazlal.
Qazlal was pleased with you.
You visited 1 branch of the dungeon, and saw 4 of its levels.

You collected 155 gold pieces.

Inventory:

Armour
 a - a +0 robe (worn)
 l - a +0 kite shield of positive energy (worn)
 p - a +1 hat (worn)
Jewellery
 o - a ring of ice
 q - a ring of protection from fire (left claw)
Scrolls
 c - 2 scrolls of enchant weapon {unknown}
 d - 5 scrolls of identify {unknown}
 m - 2 scrolls of teleportation {unknown}
Potions
 e - a potion of brilliance {unknown}
 f - a potion of heal wounds {unknown}
 g - 2 potions of curing {unknown}
 h - 3 potions of attraction {unknown}
 i - a potion of magic {unknown}
 j - a potion of cancellation {unknown}
 k - a potion of flight {unknown}
 n - 2 potions of degeneration {unknown}


   Skills:
 + Level 3.9 Fighting
 + Level 1.3 Armour
 + Level 3.2 Dodging
 - Level 2.1 Stealth
 + Level 0.4 Shields
 + Level 3.9 Unarmed Combat


You had 3 spell levels left.
You didn't know any spells.
Your spell library was empty.

Dungeon Overview and Level Annotations

Branches:
Dungeon (4/15)
 Temple: D:4-7

Altars:
Hepliaklqana
Qazlal


Innate Abilities, Weirdness & Mutations

You are immune to poison.
You have sharp fingernails.
Your flesh is cold resistant. (rC+)
You are immune to negative energy. (rN+++)
You do not regenerate when monsters are visible.
You are immune to unholy pain and torment.
You thrive by killing the living.


Message History

The orc completely misses you.
You scratch the orc priest.
The orc priest is lightly wounded.
The orc priest hits you with a +0 mace. The kobold hits you with a +0 club.
You block the orc's attack. x2; The orc hits you with a +3 flail.
The endoplasm hits you.
You are too injured to fight recklessly!
You are too injured to fight recklessly!
You are too injured to fight recklessly!
You are too injured to fight recklessly!
You are too injured to fight recklessly!
You are too injured to fight recklessly!
You are too injured to fight recklessly!
You are too injured to fight recklessly!
You are too injured to fight recklessly!
You are too injured to fight recklessly!
You are too injured to fight recklessly!
You are too injured to fight recklessly!
You are too injured to fight recklessly!
You are too injured to fight recklessly!
You are too injured to fight recklessly!
You are too injured to fight recklessly!
You are too injured to fight recklessly!
You are confused.
You feel invigorated. The orc priest hits you with a +0 mace.
* * * LOW HITPOINT WARNING * * *
The orc barely misses you. The kobold hits you but does no damage.
The orc barely misses you. The endoplasm freezes you.
You are frozen.
You resist.
* * * LOW HITPOINT WARNING * * *
The orc hits you from afar with a +0 trident.
* * * LOW HITPOINT WARNING * * *
You scratch the orc priest.
The orc priest is heavily wounded.
The orc priest hits you but does no damage.
The kobold hits you with a +0 club.
* * * LOW HITPOINT WARNING * * *
The orc barely misses you. The orc hits you with a +3 flail!
You die...

#.. .... ###..
######....#
##....##..##...#.
.............#...#.
...........#...#...#
##<.....#.o.#..
#.....#...#...#
##..#.oo#...#
##.#.#@o.#
#.#.JK#o..# #.#.#..
#...# #..#.!#. #..
##. ....# # ###...#.
###.... ## ..


You could see an orc priest, 3 orcs, an endoplasm and a kobold.

Vanquished Creatures
  3 adders
  A worm (D:2)
  A dart slug (D:2)
  2 orcs (D:4)
  4 ball pythons (D:1)
  2 bats
  6 endoplasms
  5 goblins
  3 hobgoblins
  A jackal (D:2)
  A quokka (D:2)
  6 frilled lizards
  4 kobolds
  2 rats
41 creatures vanquished.

Notes
Turn   | Place    | Note
-------+----------+-------------------------------------------
     0 | D:1      | CowFu the Ghoul Monk began the quest for the Orb.
     0 | D:1      | Reached XP level 1. HP: 19/19 MP: 0/0
   303 | D:1      | Reached XP level 2. HP: 26/26 MP: 1/1
  1012 | D:2      | Reached XP level 3. HP: 31/31 MP: 2/2
  1030 | D:2      | Reached skill level 1 in Armour
  1218 | D:2      | Found a stormy altar of Qazlal.
  1407 | D:2      | Became a worshipper of Qazlal Stormbringer
  1407 | D:2      | Reached * piety under Qazlal
  1407 | D:2      | Reached ** piety under Qazlal
  1595 | D:2      | Found a faded altar of an unknown god.
  1853 | D:3      | Reached XP level 4. HP: 32/40 MP: 3/3
  2148 | D:3      | Found a hazy altar of Hepliaklqana.
  2401 | D:4      | Slain by an orc

Illustrated notes

Levels and vault maps discovered:
D:1:      doesnt_arrival_eight_statues, layout_basic
D:2:      layout_loops_cross, dreamdust_ecumenical_altar_angels_and_demons,
          basic_altar, minmay_vboxes
D:3:      layout_rooms, nicolae_hepliaklqana_hippocampus, minmay_hedge_maze,
          chequers_serial_rivers_large_b, kennysheep_flooded_box,
          eino_tiny_chamber, grunt_ministairs_15
D:4:      layout_cave_pools, mainiacjoe_overflow_alcove_2, hex_medium

Skill      XL: |  1  2  3 |
---------------+----------+-----
Dodging        | 3 |  3.2
Armour         | 1 |  1.3
Fighting       | |  3.9
Stealth        | |  2.1
Shields        | |  0.4
Unarmed Combat | |  3.9

Action                     |  1- 3 |  4- 6 || total
---------------------------+-------+-------++-------
  Melee: Unarmed           |   107 |    16 ||   123
         Punch             |     2 |       ||     2
    Use: Potion            |       |     1 ||     1
   Stab: Sleeping          |     7 |       ||     7
 Armour: Robe              |    22 |     3 ||    25
  Dodge: Dodged            |    51 |     9 ||    60
  Block: Kite shield       |    16 |     8 ||    24

Table legend: (Time is in decaauts)
 A = Elapsed time spent in this place.
 B = Non-inter-level travel time spent in this place.
 C = Inter-level travel time spent in this place.
 D = Time resting spent in this place.
 E = Time spent auto-exploring this place.
 F = Levels seen in this place.
 G = Mean time per level.
                   A        B        C        D        E       F      G
               +--------+--------+--------+--------+--------+-----+--------+
         Total |   2426 |   2341 |     85 |      0 |   1961 |   4 |  606.5 |
       Dungeon |   2426 |   2341 |     85 |      0 |   1961 |   4 |  606.5 |
               +--------+--------+--------+--------+--------+-----+--------+

Top non-repeatable levels by time:
     D:2: 909 daAuts
     D:1: 811 daAuts
     D:3: 680 daAuts
     D:4: 26 daAuts
